3081 views
Uploaded 2020-03-21 03:06:59
Game version 1.32.3
14:07 long 4on4 ladder game on (8)Feralas_LV
Saved by Teelo
3081 views
Uploaded 2020-03-21 03:06:59
Game version 1.32.3
14:07 long 4on4 ladder game on (8)Feralas_LV


120 units @ 13.6k
/ 1.8k
53 buildings @ 9.5k
/ 3.9k

| Scroll of Town Portal | 1 | 350 |
| total: | 1 | 350g |
| Wisp | 18 | 1080 | / | 0 |
| Archer | 13 | 1690 | / | 130 |
| Druid of the Talon | 3 | 435 | / | 60 |
| Chimaera | 4 | 1320 | / | 280 |
| total: | 38 | 4525g | / | 470w |
| Altar of Elders | 1 | 180 | / | 50 |
| Moon Well | 5 | 900 | / | 200 |
| Ancient of War | 1 | 150 | / | 60 |
| Hunter's Hall | 1 | 210 | / | 100 |
| Ancient of Wonders | 1 | 90 | / | 30 |
| Tree of Life | 1 | 340 | / | 185 |
| Ancient of Wind | 1 | 150 | / | 140 |
| Chimaera Roost | 2 | 280 | / | 380 |
| Tree of Ages | 1 | 320 | / | 180 |
| Tree of Eternity | 1 | 330 | / | 200 |
| total: | 13 | 2300g | / | 1145w |
| 0:03 | Wisp |
| 0:09 | Wisp |
| 0:27 | Wisp |
| 0:33 | Altar of Elders |
| 0:37 | Moon Well |
| 0:38 | Wisp |
| 0:47 | Ancient of War |
| 0:57 | Wisp |
| 1:16 | Wisp |
| 1:23 | Moon Well |
| 1:39 | Wisp |
| 1:51 | Archer |
| 2:09 | Hunter's Hall |
| 2:15 | Archer |
| 2:33 | Scout |
| 2:41 | Wisp |
| 2:43 | Archer |
| 2:58 | Archer |
| 2:58 | Wisp |
| 3:23 | Tree of Ages |
| 3:45 | Archer |
| 4:00 | Moon Well |
| 4:18 | Trueshot Aura |
| 4:22 | Archer |
| 4:30 | Ancient of Wonders |
| 4:58 | Archer |
| 5:26 | Archer |
| 5:48 | Improved Bows |
| 6:15 | Tree of Eternity |
| 6:17 | Archer |
| 6:20 | Moon Well |
| 6:26 | Ancient of Wind |
| 6:41 | Ultravision |
| 6:56 | Archer |
| 7:18 | Archer |
| 8:15 | Trueshot Aura |
| 8:40 | Wisp |
| 8:40 | Wisp |
| 8:42 | Chimaera Roost |
| 8:45 | Chimaera Roost |
| 8:47 | Druid of the Talon |
| 8:49 | Archer |
| 8:58 | Wisp |
| 8:58 | Wisp |
| 9:32 | Druid of the Talon Adept Training |
| 9:38 | Moon Well |
| 9:49 | Scroll of Town Portal |
| 9:58 | Tree of Life |
| 10:12 | Chimaera |
| 10:35 | Chimaera |
| 11:29 | Scout |
| 11:36 | Chimaera |
| 11:52 | Chimaera |
| 12:24 | Druid of the Talon |
| 12:26 | Archer |
| 13:16 | Druid of the Talon |
| 13:26 | Wisp |
| 13:26 | Wisp |
| 13:26 | Wisp |
| 13:26 | Wisp |
| 13:27 | Wisp |
| Right click | 719 |
| Select | 245 |
| Select group | 198 |
| Build/train/purchase | 89 |
| Assign group | 23 |
| Misc. action | 18 |
| Remove unit | 6 |
| Use ability | 5 |


| Rod of Necromancy | 2 | 300 |
| total: | 2 | 300g |
| Acolyte | 3 | 225 | / | 0 |
| Ghoul | 10 | 1200 | / | 0 |
| Crypt Fiend | 5 | 1075 | / | 200 |
| total: | 18 | 2500g | / | 200w |
| Spirit Tower | 4 | 580 | / | 160 |
| Altar of Darkness | 1 | 180 | / | 50 |
| Ziggurat | 8 | 1200 | / | 400 |
| Crypt | 2 | 400 | / | 100 |
| Graveyard | 1 | 215 | / | 0 |
| Tomb of Relics | 2 | 260 | / | 60 |
| Halls of the Dead | 1 | 320 | / | 210 |
| Black Citadel | 1 | 325 | / | 230 |
| total: | 14 | 2255g | / | 610w |
| 0:08 | Acolyte |
| 0:08 | Acolyte |
| 0:21 | Altar of Darkness |
| 0:27 | Ziggurat |
| 1:25 | Acolyte |
| 1:37 | Crypt |
| 1:41 | Graveyard |
| 1:48 | Ziggurat |
| 1:58 | Ziggurat |
| 2:00 | Ziggurat |
| 2:49 | Ghoul |
| 2:49 | Ghoul |
| 2:50 | Ghoul |
| 3:03 | Tomb of Relics |
| 3:08 | Ghoul |
| 3:19 | Unholy Aura |
| 3:26 | Ghoul |
| 3:33 | Cannibalize |
| 3:36 | Ghoul |
| 3:37 | Ghoul |
| 4:01 | Ziggurat |
| 4:51 | Spirit Tower |
| 5:15 | Death Coil |
| 5:42 | Spirit Tower |
| 5:45 | Spirit Tower |
| 6:07 | Rod of Necromancy |
| 7:37 | Spirit Tower |
| 8:44 | Halls of the Dead |
| 8:52 | Ziggurat |
| 9:08 | Tomb of Relics |
| 9:16 | Ziggurat |
| 9:19 | Ziggurat |
| 9:25 | Ghoul |
| 9:26 | Ghoul |
| 9:26 | Ghoul |
| 9:44 | Crypt Fiend |
| 9:44 | Crypt Fiend |
| 9:48 | Crypt Fiend |
| 10:20 | Crypt Fiend |
| 10:21 | Creature Attack |
| 10:23 | Creature Carapace |
| 10:34 | Crypt |
| 10:51 | Rod of Necromancy |
| 11:39 | Unholy Aura |
| 12:05 | Web |
| 12:08 | Improved Creature Attack |
| 12:09 | Black Citadel |
| 13:04 | Crypt Fiend |
| 13:06 | Improved Creature Carapace |
| 13:59 | Death Coil |
| 14:03 | Frost Nova |
| Right click | 708 |
| Chat | 219 |
| Select | 150 |
| Build/train/purchase | 54 |
| Assign group | 15 |
| Misc. action | 7 |
| Use ability | 4 |
| Remove unit | 3 |

| Wisp | 18 | 1080 | / | 0 |
| Archer | 9 | 1170 | / | 90 |
| Dryad | 7 | 1015 | / | 420 |
| Druid of the Claw | 1 | 255 | / | 80 |
| Glaive Thrower | 1 | 210 | / | 65 |
| Forest Troll Shadow Priest | 1 | 195 | / | 10 |
| total: | 37 | 3925g | / | 665w |
| Altar of Elders | 1 | 180 | / | 50 |
| Ancient of War | 1 | 150 | / | 60 |
| Moon Well | 6 | 1080 | / | 240 |
| Tree of Life | 2 | 680 | / | 370 |
| Hunter's Hall | 1 | 210 | / | 100 |
| Ancient of Lore | 2 | 310 | / | 290 |
| Tree of Ages | 1 | 320 | / | 180 |
| Tree of Eternity | 1 | 330 | / | 200 |
| total: | 13 | 2610g | / | 1110w |
| 0:07 | Wisp |
| 0:07 | Wisp |
| 0:08 | Wisp |
| 0:15 | Altar of Elders |
| 0:17 | Wisp |
| 0:33 | Ancient of War |
| 0:35 | Wisp |
| 0:35 | Wisp |
| 0:50 | Wisp |
| 0:59 | Moon Well |
| 1:27 | Moon Well |
| 1:53 | Archer |
| 2:02 | Archer |
| 2:05 | Wisp |
| 2:05 | Wisp |
| 2:28 | Rain of Fire |
| 2:33 | Archer |
| 2:37 | Wisp |
| 2:43 | Moon Well |
| 2:54 | Archer |
| 3:17 | Tree of Ages |
| 3:36 | Archer |
| 3:49 | Cleaving Attack |
| 3:57 | Archer |
| 4:01 | Moon Well |
| 4:37 | Archer |
| 4:48 | Archer |
| 5:17 | Tree of Life |
| 5:21 | Hunter's Hall |
| 5:36 | Rain of Fire |
| 5:55 | Moon Well |
| 6:54 | Ancient of Lore |
| 6:58 | Ancient of Lore |
| 7:08 | Archer |
| 8:07 | Dryad |
| 8:07 | Dryad |
| 8:23 | Tree of Life |
| 8:36 | Tree of Eternity |
| 8:37 | Dryad |
| 9:04 | Strength of the Wild |
| 9:05 | Reinforced Hides |
| 9:15 | Dryad |
| 9:36 | Cleaving Attack |
| 9:59 | Abolish Magic |
| 10:01 | Druid of the Claw |
| 10:21 | Forest Troll Shadow Priest |
| 10:37 | Druid of the Claw Adept Training |
| 11:19 | Rain of Fire |
| 11:45 | Dryad |
| 11:45 | Dryad |
| 11:51 | Wisp |
| 11:51 | Wisp |
| 11:51 | Wisp |
| 11:51 | Wisp |
| 11:51 | Wisp |
| 12:10 | Improved Strength of the Wild |
| 12:52 | Dryad |
| 13:17 | Doom |
| 13:34 | Glaive Thrower |
| 13:37 | Wisp |
| 13:37 | Wisp |
| 13:37 | Wisp |
| 13:40 | Moon Well |
| Right click | 502 |
| Select | 232 |
| Select group | 113 |
| Build/train/purchase | 57 |
| Assign group | 49 |
| Misc. action | 22 |
| Chat | 19 |
| Use ability | 13 |
| Minimap ping | 3 |

| Lesser Clarity Potion | 6 | 420 |
| Moonstone | 1 | 50 |
| Potion of Healing | 1 | 150 |
| Potion of Mana | 1 | 200 |
| Boots of Speed | 1 | 250 |
| Staff of Teleportation | 1 | 150 |
| total: | 11 | 1220g |
| Wisp | 21 | 1260 | / | 0 |
| Druid of the Claw | 5 | 1275 | / | 400 |
| Dryad | 1 | 145 | / | 60 |
| total: | 27 | 2680g | / | 460w |
| Ancient Protector | 1 | 135 | / | 80 |
| Altar of Elders | 1 | 180 | / | 50 |
| Moon Well | 5 | 900 | / | 200 |
| Hunter's Hall | 1 | 210 | / | 100 |
| Ancient of Wonders | 1 | 90 | / | 30 |
| Tree of Life | 1 | 340 | / | 185 |
| Ancient of Lore | 3 | 465 | / | 435 |
| Tree of Ages | 1 | 320 | / | 180 |
| Tree of Eternity | 1 | 330 | / | 200 |
| total: | 13 | 2320g | / | 1080w |
| 0:01 | Wisp |
| 0:02 | Wisp |
| 0:02 | Wisp |
| 0:20 | Altar of Elders |
| 0:31 | Moon Well |
| 0:32 | Wisp |
| 0:33 | Wisp |
| 0:58 | Wisp |
| 1:05 | Wisp |
| 1:23 | Hunter's Hall |
| 1:36 | Wisp |
| 1:42 | Moon Well |
| 1:46 | Wisp |
| 1:56 | Ancient of Wonders |
| 2:12 | Moon Well |
| 2:14 | Wisp |
| 2:14 | Wisp |
| 2:29 | Entangling Roots |
| 2:47 | Wisp |
| 2:47 | Wisp |
| 3:03 | Lesser Clarity Potion |
| 3:03 | Lesser Clarity Potion |
| 3:05 | Moonstone |
| 3:16 | Tree of Ages |
| 3:22 | Ancient Protector |
| 3:35 | Strength of the Wild |
| 3:50 | Reinforced Hides |
| 4:48 | Lesser Clarity Potion |
| 4:49 | Lesser Clarity Potion |
| 5:25 | Ultravision |
| 5:30 | Thorns Aura |
| 5:44 | Ancient of Lore |
| 5:45 | Ancient of Lore |
| 5:46 | Ancient of Lore |
| 5:57 | Tree of Eternity |
| 6:48 | Improved Strength of the Wild |
| 7:15 | Boots of Speed |
| 7:15 | Staff of Teleportation |
| 7:24 | Druid of the Claw Adept Training |
| 7:25 | Druid of the Claw |
| 7:27 | Improved Reinforced Hides |
| 8:09 | Lesser Clarity Potion |
| 8:09 | Lesser Clarity Potion |
| 8:11 | Druid of the Claw |
| 8:20 | Druid of the Claw Master Training |
| 9:06 | Tree of Life |
| 9:08 | Entangling Roots |
| 9:18 | Moon Well |
| 9:25 | Potion of Healing |
| 9:26 | Potion of Mana |
| 9:46 | Mark of the Claw |
| 9:46 | Druid of the Claw |
| 10:02 | Abolish Magic |
| 10:12 | Dryad |
| 10:28 | Wisp |
| 10:28 | Wisp |
| 10:30 | Moon Well |
| 11:15 | Thorns Aura |
| 11:33 | Druid of the Claw |
| 11:37 | Wisp |
| 11:37 | Wisp |
| 11:37 | Wisp |
| 11:37 | Wisp |
| 12:02 | Wisp |
| 12:02 | Wisp |
| 12:43 | Entangling Roots |
| 13:25 | Druid of the Claw |
| Right click | 323 |
| Select group | 288 |
| Chat | 256 |
| Build/train/purchase | 81 |
| Select | 75 |
| Misc. action | 40 |
| Assign group | 34 |
| Use ability | 31 |
| Item give/drop | 2 |
| Minimap ping | 1 |
101 units @ 11.9k
/ 1.2k
65 buildings @ 9.5k
/ 4.3k

| Wisp | 26 | 1560 | / | 0 |
| Huntress | 9 | 1755 | / | 180 |
| Glaive Thrower | 1 | 210 | / | 65 |
| total: | 36 | 3525g | / | 245w |
| Ancient Protector | 5 | 675 | / | 400 |
| Altar of Elders | 1 | 180 | / | 50 |
| Moon Well | 3 | 540 | / | 120 |
| Hunter's Hall | 1 | 210 | / | 100 |
| Ancient of War | 2 | 300 | / | 120 |
| Tree of Life | 1 | 340 | / | 185 |
| Ancient of Wonders | 1 | 90 | / | 30 |
| Ancient of Lore | 1 | 155 | / | 145 |
| Tree of Ages | 1 | 320 | / | 180 |
| Tree of Eternity | 1 | 330 | / | 200 |
| total: | 15 | 2490g | / | 1150w |
| 0:04 | Altar of Elders |
| 0:06 | Moon Well |
| 0:07 | Wisp |
| 0:24 | Wisp |
| 0:39 | Wisp |
| 0:40 | Wisp |
| 1:12 | Hunter's Hall |
| 1:16 | Wisp |
| 1:22 | Ancient of War |
| 1:27 | Wisp |
| 1:27 | Wisp |
| 1:40 | Moon Well |
| 1:47 | Wisp |
| 1:47 | Wisp |
| 2:12 | Searing Arrows |
| 2:32 | Huntress |
| 2:57 | Huntress |
| 3:01 | Strength of the Moon |
| 3:12 | Tree of Ages |
| 3:34 | Ultravision |
| 3:36 | Huntress |
| 3:59 | Sentinel |
| 4:24 | Huntress |
| 4:27 | Moon Armor |
| 4:34 | Trueshot Aura |
| 4:48 | Glaive Thrower |
| 5:40 | Moon Glaive |
| 5:41 | Vorpal Blades |
| 5:45 | Nature's Blessing |
| 5:48 | Moon Well |
| 6:04 | Tree of Life |
| 6:26 | Trueshot Aura |
| 6:40 | Wisp |
| 6:40 | Wisp |
| 8:12 | Tree of Eternity |
| 8:15 | Improved Strength of the Moon |
| 8:15 | Improved Moon Armor |
| 8:18 | Wisp |
| 8:19 | Wisp |
| 8:19 | Wisp |
| 8:19 | Wisp |
| 8:22 | Wisp |
| 8:22 | Wisp |
| 8:22 | Wisp |
| 8:47 | Ancient Protector |
| 8:49 | Ancient Protector |
| 8:52 | Ancient Protector |
| 9:06 | Huntress |
| 9:34 | Ancient of War |
| 9:57 | Huntress |
| 10:06 | Ancient Protector |
| 10:10 | Ancient Protector |
| 10:12 | Wisp |
| 10:13 | Wisp |
| 10:24 | Ancient of Wonders |
| 10:28 | Ancient of Lore |
| 10:33 | Wisp |
| 10:34 | Wisp |
| 10:34 | Wisp |
| 10:34 | Wisp |
| 10:34 | Wisp |
| 10:34 | Wisp |
| 11:42 | Huntress |
| 11:43 | Huntress |
| 11:44 | Huntress |
| Right click | 278 |
| Select group | 155 |
| Select | 113 |
| Build/train/purchase | 53 |
| Misc. action | 7 |
| Assign group | 6 |
| Use ability | 5 |
| Esc | 1 |

| Scroll of Healing | 1 | 250 |
| Scroll of Protection | 1 | 150 |
| total: | 2 | 400g |
| Peasant | 10 | 750 | / | 0 |
| Rifleman | 14 | 2870 | / | 420 |
| total: | 24 | 3620g | / | 420w |
| Scout Tower | 2 | 60 | / | 40 |
| Guard Tower | 2 | 140 | / | 100 |
| Altar of Kings | 1 | 180 | / | 50 |
| Farm | 9 | 720 | / | 180 |
| Blacksmith | 1 | 140 | / | 60 |
| Barracks | 1 | 160 | / | 60 |
| Lumber Mill | 1 | 120 | / | 0 |
| Town Hall | 1 | 385 | / | 205 |
| Arcane Vault | 1 | 130 | / | 30 |
| Workshop | 1 | 140 | / | 140 |
| Arcane Sanctum | 1 | 150 | / | 140 |
| Keep | 1 | 320 | / | 210 |
| Castle | 1 | 360 | / | 210 |
| total: | 19 | 2185g | / | 905w |
| 0:02 | Peasant |
| 0:02 | Peasant |
| 0:17 | Peasant |
| 0:30 | Peasant |
| 0:30 | Peasant |
| 0:34 | Altar of Kings |
| 0:49 | Farm |
| 0:54 | Peasant |
| 1:06 | Blacksmith |
| 1:08 | Peasant |
| 1:19 | Barracks |
| 1:32 | Farm |
| 1:41 | Peasant |
| 1:52 | Lumber Mill |
| 2:08 | Farm |
| 2:11 | Farm |
| 2:22 | Rifleman |
| 2:28 | Scout Tower |
| 2:37 | Thunder Clap |
| 2:43 | Peasant |
| 2:44 | Peasant |
| 2:59 | Rifleman |
| 3:03 | Scout Tower |
| 3:04 | Farm |
| 3:12 | Rifleman |
| 3:31 | Guard Tower |
| 3:33 | Guard Tower |
| 4:02 | Rifleman |
| 4:24 | Storm Bolt |
| 4:34 | Rifleman |
| 4:55 | Keep |
| 4:57 | Rifleman |
| 5:16 | Black Gunpowder |
| 5:22 | Rifleman |
| 5:27 | Farm |
| 5:27 | Farm |
| 6:40 | Rifleman |
| 6:41 | Rifleman |
| 7:27 | Rifleman |
| 8:02 | Rifleman |
| 8:03 | Rifleman |
| 8:47 | Castle |
| 9:02 | Rifleman |
| 9:03 | Long Rifles |
| 9:10 | Workshop |
| 9:29 | Farm |
| 9:31 | Farm |
| 9:36 | Arcane Sanctum |
| 9:44 | Town Hall |
| 10:04 | Arcane Vault |
| 10:46 | Thunder Clap |
| 10:54 | Rifleman |
| 11:02 | Scroll of Healing |
| 11:03 | Scroll of Protection |
| Right click | 416 |
| Select | 138 |
| Build/train/purchase | 49 |
| Select group | 43 |
| Minimap ping | 15 |
| Assign group | 12 |
| Use ability | 5 |
| Item give/drop | 1 |
⇛
ElXtronic
(14:04) : 
| Peon | 13 | 975 | / | 0 |
| Tauren | 5 | 1400 | / | 400 |
| total: | 18 | 2375g | / | 400w |
| Watch Tower | 6 | 660 | / | 480 |
| Orc Burrow | 4 | 640 | / | 160 |
| Altar of Storms | 1 | 180 | / | 50 |
| War Mill | 1 | 205 | / | 0 |
| Tauren Totem | 2 | 270 | / | 310 |
| Stronghold | 1 | 315 | / | 190 |
| Fortress | 1 | 325 | / | 190 |
| total: | 14 | 1955g | / | 1000w |
| 0:04 | Peon |
| 0:15 | Peon |
| 0:15 | Peon |
| 0:16 | Peon |
| 0:16 | Peon |
| 0:16 | Peon |
| 0:16 | Peon |
| 0:30 | Orc Burrow |
| 0:42 | Peon |
| 0:45 | Pillage |
| 1:38 | Altar of Storms |
| 1:48 | Peon |
| 1:49 | Peon |
| 1:49 | Peon |
| 1:50 | Peon |
| 1:54 | Peon |
| 2:22 | War Mill |
| 2:53 | Orc Burrow |
| 3:36 | Stronghold |
| 3:48 | Wind Walk |
| 4:06 | Watch Tower |
| 4:13 | Watch Tower |
| 4:21 | Watch Tower |
| 4:56 | Watch Tower |
| 5:02 | Watch Tower |
| 5:20 | Watch Tower |
| 6:04 | Tauren Totem |
| 6:18 | Tauren Totem |
| 7:56 | Fortress |
| 8:09 | Steel Armor |
| 9:02 | Orc Burrow |
| 9:26 | Orc Burrow |
| 10:19 | Tauren |
| 10:19 | Tauren |
| 10:19 | Tauren |
| 10:19 | Tauren |
| 10:19 | Tauren |
| 12:42 | Thorium Armor |
| Right click | 127 |
| Select | 87 |
| Resource trade | 59 |
| Build/train/purchase | 33 |
| Remove unit | 4 |
| Chat | 4 |
| Misc. action | 3 |
| Assign group | 1 |
| Select group | 1 |
| Minimap ping | 1 |


| Healing Salve | 1 | 100 |
| Lesser Clarity Potion | 1 | 70 |
| total: | 2 | 170g |
| Peon | 15 | 1125 | / | 0 |
| Grunt | 2 | 400 | / | 0 |
| Troll Headhunter | 6 | 840 | / | 120 |
| total: | 23 | 2365g | / | 120w |
| Watch Tower | 1 | 110 | / | 80 |
| Altar of Storms | 1 | 180 | / | 50 |
| Orc Burrow | 7 | 1120 | / | 280 |
| Barracks | 1 | 180 | / | 50 |
| War Mill | 1 | 205 | / | 0 |
| Voodoo Lounge | 1 | 130 | / | 30 |
| Great Hall | 1 | 385 | / | 185 |
| Spirit Lodge | 2 | 300 | / | 300 |
| Beastiary | 2 | 290 | / | 280 |
| Stronghold | 1 | 315 | / | 190 |
| Fortress | 1 | 325 | / | 190 |
| total: | 17 | 2900g | / | 1255w |
| 0:02 | Peon |
| 0:02 | Peon |
| 0:15 | Altar of Storms |
| 0:19 | Orc Burrow |
| 0:21 | Peon |
| 0:37 | Barracks |
| 0:44 | Peon |
| 1:07 | Peon |
| 1:22 | Peon |
| 1:28 | Orc Burrow |
| 1:38 | War Mill |
| 1:42 | Peon |
| 2:01 | Grunt |
| 2:16 | Voodoo Lounge |
| 2:23 | Mirror Image |
| 2:30 | Peon |
| 2:41 | Grunt |
| 2:49 | Peon |
| 3:04 | Orc Burrow |
| 3:17 | Troll Headhunter |
| 3:24 | Peon |
| 3:39 | Peon |
| 3:56 | Stronghold |
| 4:06 | Troll Headhunter |
| 4:15 | Wind Walk |
| 4:23 | Watch Tower |
| 4:30 | Troll Headhunter |
| 4:48 | Orc Burrow |
| 5:01 | Troll Headhunter |
| 5:20 | Troll Headhunter |
| 5:26 | Steel Armor |
| 5:38 | Healing Salve |
| 6:16 | Wind Walk |
| 6:26 | Great Hall |
| 6:49 | Troll Regeneration |
| 7:38 | Troll Headhunter |
| 8:09 | Healing Wave |
| 8:10 | Fortress |
| 8:14 | Spirit Lodge |
| 8:16 | Spirit Lodge |
| 8:39 | Lesser Clarity Potion |
| 8:58 | Thorium Armor |
| 9:25 | Peon |
| 9:26 | Peon |
| 9:26 | Peon |
| 9:26 | Peon |
| 9:30 | Shaman Adept Training |
| 9:30 | Witch Doctor Adept Training |
| 10:05 | Orc Burrow |
| 10:09 | Orc Burrow |
| 10:21 | Beastiary |
| 10:29 | Beastiary |
| 10:32 | Shaman Master Training |
| 10:33 | Witch Doctor Master Training |
| 10:51 | Arcanite Armor |
| 10:55 | Orc Burrow |
| Right click | 235 |
| Select group | 149 |
| Select | 116 |
| Build/train/purchase | 48 |
| Assign group | 25 |
| Misc. action | 13 |
| Use ability | 9 |
| Chat | 4 |